SNL (28 & UNDER)
BEAUMONT ROUGHNECKS @ BLACKIRON DRAGONS
07/16/2027
 
TOP OF THE 1ST
Beaumont Roughnecks batting - Pitching for BlackIron Dragons : RHP Ole Moree
Pitching: RHP Ole Moree
Batting: LHB Tony Rivera 0-0: Foul Ball, location: 2F
0-1: Ball
1-1: Foul Ball, location: 2F
1-2: Ball
2-2: Fly out, F8 (Flyball, 8LS)
Batting: RHB Darwin Crane 0-0: Ground out 4-3 (Groundball, 4)
Batting: LHB Cam Flowers 0-0: Ball
1-0: Called Strike
1-1: SINGLE (Line Drive, 34D)
Batting: RHB Anthony Hezell 0-0: SINGLE (Groundball, 6MD)
Cam Flowers to second
Batting: LHB Bernardo Morales 0-0: Ball
1-0: Foul Ball, location: 2F
1-1: Foul Ball, location: 2F
1-2: SINGLE (Line Drive, 7LS)
Cam Flowers to third
Anthony Hezell to second
Runner from 3rd tries for Home, SAFE, throw made home
Now in LF: Giovannino Arduino
Batting: LHB Enrique Cruz 0-0: Foul Ball, location: 2F
0-1: Foul Ball, location: 2F
0-2: Strikes out swinging
Top of the 1st over - 1 run(s), 3 hit(s), 0 error(s), 2 left on base; Beaumont 1 - BlackIron 0
BOTTOM OF THE 1ST
BlackIron Dragons batting - Pitching for Beaumont Roughnecks : RHP Jim Fitzgerald
Pitching: RHP Jim Fitzgerald
Batting: SHB Félix Montoya 0-0: Foul Ball, location: 2F
0-1: Ball
1-1: Ball
2-1: Foul Ball, location: 2F
2-2: Strikes out swinging
Batting: RHB Brady McIntyre 0-0: Foul Ball, location: 2F
0-1: Ball
1-1: Ball
2-1: SINGLE (Line Drive, 9S)
Batting: RHB Doug O'Brien 0-0: Ball
1-0: Called Strike
1-1: Swinging Strike
1-2: Ball
2-2: Strikes out swinging
Batting: LHB Giovannino Arduino 0-0: Foul Ball, location: 2F
0-1: Fly out, F6 (Line Drive, 6)
Bottom of the 1st over - 0 run(s), 1 hit(s), 0 error(s), 1 left on base; Beaumont 1 - BlackIron 0
TOP OF THE 2ND
Beaumont Roughnecks batting - Pitching for BlackIron Dragons : RHP Ole Moree
Batting: RHB Albert Alemán 0-0: Ball
1-0: Ball
2-0: Ball
3-0: Called Strike
3-1: Foul Ball, location: 2F
3-2: Strikes out looking
Batting: RHB Miguel Costa 0-0: Ball
1-0: Foul Ball, location: 2F
1-1: Swinging Strike
1-2: Ball
2-2: DOUBLE (Line Drive, 9)
Batting: RHB Jeff Mason 0-0: Ball
1-0: SINGLE (Groundball, 6D)
Miguel Costa to third
Runner from 3rd tries for Home, SAFE, no throw
Batting: LHB Tony Rivera 0-0: Ball
Jeff Mason is caught stealing 2nd base
1-0: Ball
2-0: Ball
3-0: Base on Balls
Batting: RHB Darwin Crane 0-0: Called Strike
0-1: Ball
1-1: Ground out 5-3 (Groundball, 56)
Top of the 2nd over - 1 run(s), 2 hit(s), 0 error(s), 1 left on base; Beaumont 2 - BlackIron 0
BOTTOM OF THE 2ND
BlackIron Dragons batting - Pitching for Beaumont Roughnecks : RHP Jim Fitzgerald
Batting: LHB António Romo 0-0: Ball
1-0: DOUBLE (Line Drive, 9LM)
Batting: RHB Jesús Castillo 0-0: Called Strike
0-1: Ball
1-1: SINGLE (Groundball, 56D)
António Romo to third
Batting: RHB Júlio Rodríguez 0-0: Called Strike
0-1: Ball
1-1: Called Strike
1-2: Fly out, F7 (Flyball, 78M)
Runner from 3rd tags up, SCORES, throw made
Batting: SHB Júlio Macías 0-0: Called Strike
0-1: SINGLE (Line Drive, 9S)
Jesús Castillo to second
Batting: SHB Emílio Calvillo 0-0: Ball
1-0: Foul Ball, location: 2F
1-1: Ball
2-1: Fielders Choice at 2nd, 3-6 (Groundball, 3)
Jesús Castillo to third
Batting: SHB Félix Montoya 0-0: Ball
1-0: TRIPLE (Groundball, 3L)
Jesús Castillo scores
Emílio Calvillo scores
Batting: RHB Brady McIntyre 0-0: Ball
1-0: Fly out, F8 (Flyball, 8LM)
Bottom of the 2nd over - 3 run(s), 4 hit(s), 0 error(s), 1 left on base; Beaumont 2 - BlackIron 3
TOP OF THE 3RD
Beaumont Roughnecks batting - Pitching for BlackIron Dragons : RHP Ole Moree
Batting: LHB Cam Flowers 0-0: Ball
1-0: Ball
2-0: Ball
3-0: Base on Balls
Batting: RHB Anthony Hezell 0-0: Ball
1-0: Called Strike
1-1: Called Strike
1-2: Foul Ball, location: 2F
1-2: Ball
2-2: Foul Ball, location: 2F
2-2: Foul Ball, location: 2F
2-2: Fielders Choice at 2nd, 4-6 (Groundball, 4)
Batting: LHB Bernardo Morales 0-0: Ball
1-0: Called Strike
1-1: Called Strike
1-2: Foul Ball, location: 2F
1-2: Strikes out swinging
Batting: LHB Enrique Cruz 0-0: Called Strike
0-1: Ball
1-1: Foul Ball, location: 2F
1-2: Ball
2-2: SINGLE (Groundball, 6MD)
Anthony Hezell to second
Batting: RHB Albert Alemán 0-0: Called Strike
0-1: Ball
1-1: Foul Ball, location: 2F
1-2: Ball
2-2: Strikes out swinging
Top of the 3rd over - 0 run(s), 1 hit(s), 0 error(s), 2 left on base; Beaumont 2 - BlackIron 3
BOTTOM OF THE 3RD
BlackIron Dragons batting - Pitching for Beaumont Roughnecks : RHP Jim Fitzgerald
Batting: RHB Doug O'Brien 0-0: Foul Ball, location: 2F
0-1: Ball
1-1: Fly out, F8 (Flyball, 78D)
Batting: LHB Giovannino Arduino 0-0: Ball
1-0: Called Strike
1-1: Swinging Strike
1-2: Strikes out swinging
Batting: LHB António Romo 0-0: Foul Ball, location: 2F
0-1: Foul Ball, location: 2F
0-2: Ball
1-2: Foul Ball, location: 2F
1-2: Strikes out swinging
Bottom of the 3rd over - 0 run(s), 0 hit(s), 0 error(s), 0 left on base; Beaumont 2 - BlackIron 3
TOP OF THE 4TH
Beaumont Roughnecks batting - Pitching for BlackIron Dragons : RHP Ole Moree
Batting: RHB Miguel Costa 0-0: Swinging Strike
0-1: Fly out, F9 (Flyball, 9S)
Batting: RHB Jeff Mason 0-0: Ball
1-0: Swinging Strike
1-1: Foul Ball, location: 2F
1-2: Foul Ball, location: 2F
1-2: Ball
2-2: Ball
3-2: Ground out 6-3 (Groundball, 6)
Batting: LHB Tony Rivera 0-0: Called Strike
0-1: Ball
1-1: Ball
2-1: Swinging Strike
2-2: Ball
3-2: Strikes out looking
Top of the 4th over - 0 run(s), 0 hit(s), 0 error(s), 0 left on base; Beaumont 2 - BlackIron 3
BOTTOM OF THE 4TH
BlackIron Dragons batting - Pitching for Beaumont Roughnecks : RHP Jim Fitzgerald
Batting: RHB Jesús Castillo 0-0: Swinging Strike
0-1: Ball
1-1: Ball
2-1: Ball
3-1: DOUBLE (Groundball, 5L)
Batting: RHB Júlio Rodríguez 0-0: Called Strike
0-1: Swinging Strike
0-2: Ball
1-2: Strikes out swinging
Batting: SHB Júlio Macías 0-0: Swinging Strike
0-1: Swinging Strike
0-2: Foul Ball, location: 2F
0-2: Ground out U3 (Groundball, 34)
Jesús Castillo to third
Batting: SHB Emílio Calvillo 0-0: Ball
1-0: Foul Ball, location: 2F
1-1: Ball
2-1: Ball
3-1: Swinging Strike
3-2: Base on Balls
Batting: SHB Félix Montoya 0-0: Called Strike
0-1: Fly out, F7 (Flyball, 78M)
Bottom of the 4th over - 0 run(s), 1 hit(s), 0 error(s), 2 left on base; Beaumont 2 - BlackIron 3
TOP OF THE 5TH
Beaumont Roughnecks batting - Pitching for BlackIron Dragons : RHP Ole Moree
Batting: RHB Darwin Crane 0-0: Swinging Strike
0-1: Ball
1-1: Swinging Strike
1-2: Strikes out swinging
Batting: LHB Cam Flowers 0-0: Ball
1-0: Ball
2-0: Fly out, F8 (Flyball, 8RXD)
Batting: RHB Anthony Hezell 0-0: Foul Ball, location: 2F
0-1: Foul Ball, location: 2F
0-2: Ball
1-2: Foul Ball, location: 2F
1-2: Foul Ball, location: 2F
1-2: SINGLE (Line Drive, 6D)
Batting: LHB Bernardo Morales 0-0: Ball
1-0: 2-RUN HOME RUN (Flyball, 89XD), Distance : 437 ft
Batting: LHB Enrique Cruz 0-0: Ball
1-0: Ball
2-0: Foul Ball, location: 2F
2-1: Ball
3-1: Called Strike
3-2: Base on Balls
Pitching: RHP Kieron Lahyani
Batting: RHB Albert Alemán 0-0: Foul Ball, location: 2F
0-1: Ground out 5-3 (Groundball, 5S)
Top of the 5th over - 2 run(s), 2 hit(s), 0 error(s), 1 left on base; Beaumont 4 - BlackIron 3
BOTTOM OF THE 5TH
BlackIron Dragons batting - Pitching for Beaumont Roughnecks : RHP Jim Fitzgerald
Batting: RHB Brady McIntyre 0-0: Fly out, F8 (Flyball, 8RM)
Batting: RHB Doug O'Brien 0-0: Ball
1-0: Ball
2-0: Foul Ball, location: 2F
2-1: Ball
3-1: Base on Balls
Batting: LHB Giovannino Arduino 0-0: Called Strike
0-1: Grounds into double play, 6-4-3 (Groundball, 56)
Bottom of the 5th over - 0 run(s), 0 hit(s), 0 error(s), 0 left on base; Beaumont 4 - BlackIron 3
TOP OF THE 6TH
Beaumont Roughnecks batting - Pitching for BlackIron Dragons : RHP Kieron Lahyani
Batting: RHB Miguel Costa 0-0: Ball
1-0: Ball
2-0: Called Strike
2-1: Ground out 6-3 (Groundball, 6)
Batting: RHB Jeff Mason 0-0: Called Strike
0-1: Ball
1-1: Ball
2-1: Ball
3-1: Base on Balls
Batting: LHB Tony Rivera 0-0: Called Strike
0-1: SINGLE (Line Drive, 78S)
Jeff Mason to second
Batting: RHB Darwin Crane 0-0: Called Strike
0-1: Called Strike
0-2: Strikes out looking
Batting: LHB Cam Flowers 0-0: Ball
1-0: Foul Ball, location: 2F
1-1: SINGLE (Groundball, 4MD)
Jeff Mason to third
Tony Rivera to second
Runner from 3rd tries for Home, SAFE, no throw
Batting: RHB Anthony Hezell 0-0: Ball
1-0: Swinging Strike
1-1: Called Strike
1-2: Fly out, F4 (Line Drive, 34)
Top of the 6th over - 1 run(s), 2 hit(s), 0 error(s), 2 left on base; Beaumont 5 - BlackIron 3
BOTTOM OF THE 6TH
BlackIron Dragons batting - Pitching for Beaumont Roughnecks : RHP Jim Fitzgerald
Batting: LHB António Romo 0-0: Foul Ball, location: 2F
0-1: Swinging Strike
0-2: Ground out 1-3 (Groundball, P)
Batting: RHB Jesús Castillo 0-0: Swinging Strike
0-1: Ball
1-1: Ball
2-1: Foul Ball, location: 2F
2-2: Strikes out swinging
Batting: RHB Júlio Rodríguez 0-0: Swinging Strike
0-1: Foul Ball, location: 2F
0-2: DOUBLE (Line Drive, 7LS)
Batting: SHB Júlio Macías 0-0: Ball
1-0: Ball
2-0: Called Strike
2-1: Ground out U3 (Groundball, 34)
Bottom of the 6th over - 0 run(s), 1 hit(s), 0 error(s), 1 left on base; Beaumont 5 - BlackIron 3
TOP OF THE 7TH
Beaumont Roughnecks batting - Pitching for BlackIron Dragons : RHP Kieron Lahyani
Batting: LHB Bernardo Morales 0-0: Foul Ball, location: 2F
0-1: Foul Ball, location: 2F
0-2: Ball
1-2: Ball
2-2: Ball
3-2: Base on Balls
Batting: LHB Enrique Cruz 0-0: Ball
1-0: Called Strike
1-1: Single, Error in OF, E8, batter to second base
Bernardo Morales to third
Batting: RHB Albert Alemán 0-0: Intentional Walk
Batting: RHB Miguel Costa 0-0: Ball
1-0: Foul Ball, location: 2F
1-1: Ball
2-1: Swinging Strike
2-2: SINGLE (Groundball, 6MD)
Bernardo Morales scores
Enrique Cruz to third
Albert Alemán to second
Batting: RHB Jeff Mason 0-0: Fly out, F9 (Flyball, 9S)
Batting: LHB Tony Rivera 0-0: SINGLE (Line Drive, 56)
Enrique Cruz scores
Albert Alemán to third
Miguel Costa to second
Batting: RHB Darwin Crane 0-0: Ball
1-0: Ball
2-0: Called Strike
2-1: Foul Ball, location: 2F
2-2: Ground out U3 (Groundball, 34S)
Albert Alemán scores
Miguel Costa to third
Tony Rivera to second
Pitching: RHP Larry Johnston
Batting: LHB Cam Flowers 0-0: Ball
1-0: Swinging Strike
1-1: Ground out 4-3 (Groundball, 4)
Top of the 7th over - 3 run(s), 3 hit(s), 1 error(s), 2 left on base; Beaumont 8 - BlackIron 3
BOTTOM OF THE 7TH
BlackIron Dragons batting - Pitching for Beaumont Roughnecks : RHP Jim Fitzgerald
Batting: SHB Emílio Calvillo 0-0: SINGLE (Flyball, 8RS)
Batting: SHB Félix Montoya 0-0: Foul Ball, location: 2F
0-1: Hit by Pitch
Emílio Calvillo to second
Batting: RHB Brady McIntyre 0-0: Ball
1-0: Called Strike
Throwing error on steal attempt, E2
Emílio Calvillo scores
Félix Montoya to third
1-1: Foul Ball, location: 2F
1-2: Foul Ball, location: 2F
1-2: Ball
2-2: Foul Ball, location: 2F
2-2: Fly out, F7 (Flyball, 7S)
Runner from 3rd tags up, SCORES, throw made
Pitching: RHP Jeff Thompson
Batting: RHB Doug O'Brien 0-0: Ball
1-0: Swinging Strike
1-1: Ball
2-1: Called Strike
2-2: SOLO HOME RUN (Flyball, 7D), Distance : 416 ft
Batting: LHB Giovannino Arduino 0-0: Ball
1-0: Swinging Strike
1-1: Ball
2-1: Ball
3-1: Fly out, F7 (Flyball, 7S)
Batting: LHB António Romo 0-0: Fly out, F8 (Flyball, 8RXD)
Bottom of the 7th over - 3 run(s), 2 hit(s), 1 error(s), 0 left on base; Beaumont 8 - BlackIron 6
TOP OF THE 8TH
Beaumont Roughnecks batting - Pitching for BlackIron Dragons : RHP Larry Johnston
Batting: RHB Anthony Hezell 0-0: Swinging Strike
0-1: Foul Ball, location: 2F
0-2: Ball
1-2: Ball
2-2: Strikes out swinging
Batting: LHB Bernardo Morales 0-0: Foul Ball, location: 2F
0-1: Fly out, F8 (Flyball, 8RD)
Batting: LHB Enrique Cruz 0-0: Called Strike
0-1: Ball
1-1: Swinging Strike
1-2: Foul Ball, location: 2F
1-2: Foul Ball, location: 2F
1-2: Ball
2-2: Foul Ball, location: 2F
2-2: Ball
3-2: Foul Ball, location: 2F
3-2: Strikes out looking
Top of the 8th over - 0 run(s), 0 hit(s), 0 error(s), 0 left on base; Beaumont 8 - BlackIron 6
BOTTOM OF THE 8TH
BlackIron Dragons batting - Pitching for Beaumont Roughnecks : RHP Jeff Thompson
Pitching: RHP Dave Hammond
Batting: RHB Jesús Castillo 0-0: Called Strike
0-1: Ball
1-1: Swinging Strike
1-2: Strikes out swinging
Batting: RHB Júlio Rodríguez 0-0: Ball
1-0: Foul Ball, location: 2F
1-1: Fly out, F7 (Flyball, 78M)
Batting: SHB Júlio Macías 0-0: Called Strike
0-1: Ball
1-1: Swinging Strike
1-2: Ball
2-2: Ball
3-2: Base on Balls
Batting: SHB Emílio Calvillo 0-0: Foul Ball, location: 2F
0-1: Ball
1-1: Ball
2-1: Foul Ball, location: 2F
2-2: Fly out, F7 (Flyball, 7S)
Bottom of the 8th over - 0 run(s), 0 hit(s), 0 error(s), 1 left on base; Beaumont 8 - BlackIron 6
TOP OF THE 9TH
Beaumont Roughnecks batting - Pitching for BlackIron Dragons : RHP Larry Johnston
Batting: RHB Albert Alemán 0-0: Called Strike
0-1: SINGLE (Line Drive, 6D)
Batting: RHB Miguel Costa 0-0: Ball
1-0: Ball
2-0: Ball
3-0: Called Strike
3-1: DOUBLE (Line Drive, 78D)
Albert Alemán to third
Batting: RHB Jeff Mason 0-0: Called Strike
0-1: Fly out, F8 (Flyball, 8RS)
Runner from 3rd tags up, SCORES, no throw
Batting: LHB Tony Rivera 0-0: Intentional Walk
Batting: RHB Darwin Crane 0-0: Swinging Strike
0-1: Ball
1-1: Swinging Strike
1-2: Strikes out looking
Batting: LHB Cam Flowers 0-0: Called Strike
0-1: Ball
1-1: Called Strike
1-2: Foul Ball, location: 2F
1-2: Foul Ball, location: 2F
1-2: Foul Ball, location: 2F
1-2: Ball
2-2: Ball
3-2: Base on Balls
Miguel Costa to third
Tony Rivera to second
Batting: RHB Anthony Hezell 0-0: Ball
1-0: Ball
2-0: Ball
3-0: Called Strike
3-1: Fly out, F7 (Flyball, 7)
Top of the 9th over - 1 run(s), 2 hit(s), 0 error(s), 3 left on base; Beaumont 9 - BlackIron 6
BOTTOM OF THE 9TH
BlackIron Dragons batting - Pitching for Beaumont Roughnecks : RHP Dave Hammond
Pitching: RHP Jesús Ortíz
Batting: SHB Félix Montoya 0-0: Called Strike
0-1: Fly out, F3 (Popup, 3L)
Batting: RHB Brady McIntyre 0-0: Fly out, F8 (Line Drive, 8RD)
Batting: RHB Doug O'Brien 0-0: Called Strike
0-1: Called Strike
0-2: Strikes out swinging
Bottom of the 9th over - 0 run(s), 0 hit(s), 0 error(s), 0 left on base; Beaumont 9 - BlackIron 6
Thursday, March 30th, 2017 - OOTP Baseball 17.12 Build 75